 Dungeon Crawl Stone Soup version 0.19-a0-628-g9200b3b (webtiles) character file.

4485 epen the Jinx (level 10, -9/49 HPs)
             Began as a Spriggan Enchanter on June 13, 2016.
             Was an Initiate of Gozag.
             Killed from afar by a centaur (26 damage)
             ... with a wand of lightning
             ... on level 8 of the Dungeon.
             The game lasted 00:17:45 (7474 turns).

epen the Jinx (Spriggan Enchanter)                  Turns: 7474, Time: 00:17:45

Health: -9/49      AC:  8    Str:  4    XL:     10   Next: 16%
Magic:  21/30      EV: 24    Int: 17    God:    Gozag
Gold:   1078       SH:  0    Dex: 20    Spells: 6 memorised, 10 levels left

rFire  . . .     SeeInvis +     N - +0 dagger (venom)
rCold  . . .     Gourm    .     b - +1 robe
rNeg   . . .     Faith    .     (shield restricted)
rPois  .         Spirit   .     (helmet restricted)
rElec  .         Dismiss  .     m - +0 cloak
rCorr  .         Reflect  .     (gloves unavailable)
SustAt .         Harm     .     (boots unavailable)
MR     +....                    (no amulet)
Stlth  +++++.....               F - ring of magical power
                                v - +4 ring of protection

@: gold aura, very quick, somewhat resistant to hostile enchantments, quite
stealthy
A: unfitting armour, see invisible, herbivore 3, speed 3, slow metabolism 2
a: Potion Petition, Call Merchant, Bribe Branch, Renounce Religion


You were on level 8 of the Dungeon.
You worshipped Gozag.
Gozag was noncommittal.
You were not hungry.

You visited 2 branches of the dungeon, and saw 9 of its levels.

You collected 1198 gold pieces.
You paid 120 gold pieces to Gozag.

Inventory:

Hand Weapons
 a - a +1 dagger
 N - a +0 dagger of venom (weapon)
Armour
 b - a +1 robe (worn)
 m - a +0 cloak (worn)
Jewellery
 v - a +4 ring of protection (left hand)
 F - a ring of magical power (right hand)
 I - an uncursed ring of protection from cold
 M - a +4 ring of strength {unknown}
Wands
 q - a wand of teleportation (0/9)
 w - a wand of lightning (0/15)
 A - a wand of digging (11/24)
 J - a wand of iceblast (6/15)
 L - a wand of iceblast (8/15)
Scrolls
 e - 4 scrolls of immolation {unknown}
 j - 2 scrolls of enchant weapon {unknown}
 l - a scroll of magic mapping {unknown}
 n - 2 scrolls of fog {unknown}
 o - 3 scrolls of random uselessness {unknown}
 p - 3 scrolls of identify {unknown}
 s - 12 scrolls of remove curse {unknown}
 u - 2 scrolls of teleportation {unknown}
 x - a scroll of recharging {unknown}
 y - a scroll of enchant armour {unknown}
 C - a scroll of amnesia {unknown}
 O - a scroll of fear {unknown}
Potions
 f - a potion of degeneration {unknown}
 g - 2 potions of ambrosia
 h - 5 potions of curing {unknown}
 i - a potion of might {unknown}
 k - a potion of cure mutation {unknown}
 r - 2 potions of agility {unknown}
 z - 2 potions of berserk rage {unknown}
 D - a potion of haste {unknown}
 E - a potion of heal wounds {unknown}
 G - a potion of brilliance {unknown}
Books
 c - a book of Maledictions

   Spells                             Type                      Level
   a - Corona                         Hexes                        1
   b - Ensorcelled Hibernation        Hexes/Ice                    2
   c - Confuse                        Hexes                        3
   d - Tukima's Dance                 Hexes                        3
   e - Dazzling Spray                 Conjuration/Hexes            3
 t - a book of Cantrips

   Spells                             Type                      Level
   a - Corona                         Hexes                        1
   b - Animate Skeleton               Necromancy                   1
   c - Summon Small Mammal            Summoning                    1
   d - Apportation                    Translocation                1
 K - a book of Alchemy

   Spells                             Type                      Level
   a - Sublimation of Blood           Necromancy                   2
   b - Ignite Poison                  Fire/Transmutation/Poison    3
   c - Petrify                        Transmutation/Earth          4
   d - Alistair's Intoxication        Transmutation/Poison         5
   e - Irradiate                      Conjuration/Transmutation    5
Comestibles
 d - a bread ration
 B - a royal jelly
 H - 6 fruits


   Skills:
 + Level 4.1 Fighting
 + Level 5.8 Short Blades
 + Level 7.9 Dodging
 + Level 9.1 Stealth
 + Level 7.0 Spellcasting
 + Level 2.4 Conjurations
 * Level 9.7 Hexes
 + Level 5.1 Translocations


You had 10 spell levels left.
You knew the following spells:

 Your Spells              Type           Power        Failure   Level  Hunger
a - Corona                Hex            #####..      1%          1    None
b - Ensorcelled Hibernat  Hex/Ice        ###...       2%          2    None
c - Confuse               Hex            #####...     1%          3    ##.....
d - Tukima's Dance        Hex            #####...     1%          3    ##.....
e - Dazzling Spray        Conj/Hex       ####..       3%          3    ##.....
f - Apportation           Tloc           ###.......   1%          1    None


Dungeon Overview and Level Annotations

Branches:
Dungeon (8/15)             Temple (1/1) D:5
   Lair: D:8-11

Altars:
Ashenzari
Cheibriados
Dithmenos
Elyvilon
Fedhas
Gozag
Hepliaklqana
Makhleb
Nemelex Xobeh
Okawaru
Pakellas
Qazlal
Ru
Sif Muna
Trog
Uskayaw
Vehumet
Xom
Yredelemnul
Zin
The Shining One


Innate Abilities, Weirdness & Mutations

You are tiny and cannot use many weapons and most armour.
You have supernaturally acute eyesight. (SInv)
You are a herbivore.
You cover ground extremely quickly.
You need consume almost no food.


Message History

Aiming: Confuse
Press: ? - help, Shift-Dir - straight line, f/p - centaur
Aim: a centaur, wielding a shortbow (chance to defeat MR: 67%)
The centaur struggles to resist.
The centaur zaps a wand.
The bolt of lightning misses you.
It is a wand of lightning.
The killer bee completely misses you.
Casting: Confuse
Confirm with . or Enter, or press ? or * to list all spells.
Aiming: Confuse
Press: ? - help, Shift-Dir - straight line, f/p - centaur
Aim: a centaur, wielding a shortbow and carrying a wand of lightning {zapped: 1} (chance to defeat MR: 67%)
The centaur appears confused.
The killer bee completely misses you.
The centaur zaps a wand.
The bolt of lightning hits you!
The bolt of lightning hits the killer bee.
The killer bee dies!
A killer bee comes into view.
The centaur zaps a wand.
The bolt of lightning hits you!
Ouch! That really hurt!
You die...
Your body crumbles into a pile of gold.

..## ###...#
..####$$...#.#
y..y...$.....#
....###$###### . #y#
##.. #.#
.....#####.######
#..yc@.$..(.(.#
##.####.#####.#
###.####.## #.#
#.........####.#
#.#..........#.#
.###.#.#.##..##.#.#
.........##..##.#.#
###.....##..##.#.####
#.................#


You could see a centaur (confused) and a killer bee.

Vanquished Creatures
  The ghost of Gruesome the Carver, a novice FoFi of Cheibriados (D:7)
  A two-headed ogre (D:8)
  A hippogriff (D:7)
  A soldier ant (D:6)
  3 orc warriors
  3 sky beasts
  3 ice beasts
  4 ogres
  A phantom (D:8)
  4 centaurs
  5 giant frogs
  A wyvern zombie (D:7)
  14 killer bees (D:8)
  4 howler monkeys
  3 crimson imps
  3 hounds
  A quasit (D:8)
  A jelly (D:6)
  3 orc priests
  4 orc wizards
  Jessica (D:2)
  3 iguanas
  6 worker ants
  A hound zombie (D:5)
  A howler monkey skeleton (D:6)
  3 adders
  A shadow imp (D:8)
  2 oozes
  3 dart slugs
  5 giant geckos
  21 orcs
  A ball python (D:4)
  5 bats
  4 giant cockroaches
  8 goblins
  6 hobgoblins
  9 jackals
  4 quokkas
  5 giant newts
  A jackal skeleton (D:5)
  3 kobolds (D:1)
  A quokka zombie (D:7)
  2 rats
157 creatures vanquished.

Vanquished Creatures (collateral kills)
  A killer bee (D:8)
1 creature vanquished.

Grand Total: 158 creatures vanquished

Notes
Turn   | Place    | Note
--------------------------------------------------------------
     0 | D:1      | epen the Spriggan Enchanter began the quest for the Orb.
     0 | D:1      | Reached XP level 1. HP: 9/9 MP: 5/5
   458 | D:1      | Reached XP level 2. HP: 13/13 MP: 6/6
   462 | D:1      | Learned a level 2 spell: Ensorcelled Hibernation
  1163 | D:2      | Reached XP level 3. HP: 17/17 MP: 8/8
  1177 | D:2      | Learned a level 3 spell: Confuse
  1443 | D:2      | Found a radiant altar of Vehumet.
  1527 | D:2      | Noticed Jessica
  1545 | D:2      | Killed Jessica
  1545 | D:2      | Reached skill level 5 in Stealth
  1545 | D:2      | Reached XP level 4. HP: 21/21 MP: 5/10
  1550 | D:2      | Learned a level 3 spell: Tukima's Dance
  2196 | D:3      | Found a shattered altar of Ashenzari.
  2288 | D:3      | Found a deep blue altar of Sif Muna.
  2529 | D:4      | HP: 1/21 [poisoned by a worker ant]
  2896 | D:4      | Reached skill level 1 in Fighting
  2948 | D:4      | HP: 1/22 [worker ant (4)]
  2957 | D:4      | Reached XP level 5. HP: 24/25 MP: 11/11
  3178 | D:4      | Reached skill level 5 in Hexes
  3284 | D:4      | You fall through a shaft for 2 floors!
  3306 | D:5      | Entered Level 5 of the Dungeon
  3312 | D:5      | Found an iron altar of Okawaru.
  3386 | D:5      | Noticed an ogre
  3386 | D:5      | Noticed a sky beast
  3401 | D:5      | Killed a sky beast
  3401 | D:5      | Reached XP level 6. HP: 12/30 MP: 0/12
  3416 | D:5      | Found a staircase to the Ecumenical Temple.
  3421 | Temple   | Entered the Ecumenical Temple
  3694 | Temple   | Became a worshipper of Gozag Ym Sagoz the Greedy
  3771 | D:4      | Found a snail-covered altar of Cheibriados.
  3948 | D:5      | Reached skill level 5 in Dodging
  4060 | D:5      | Reached XP level 7. HP: 35/35 MP: 2/14
  4708 | D:6      | Reached XP level 8. HP: 31/39 MP: 16/16
  4855 | D:6      | Reached skill level 5 in Spellcasting
  4968 | D:6      | Learned a level 3 spell: Dazzling Spray
  4970 | D:6      | Learned a level 1 spell: Apportation
  5326 | D:6      | Found a bloodstained altar of Trog.
  5504 | D:6      | Reached skill level 1 in Translocations
  5899 | D:7      | Reached skill level 1 in Conjurations
  6027 | D:7      | Reached XP level 9. HP: 27/44 MP: 5/18
  6347 | D:7      | Found a shadowy altar of Dithmenos.
  6408 | D:7      | Found a shimmering altar of Xom.
  6440 | D:7      | Reached skill level 5 in Short Blades
  6517 | D:7      | Noticed Gruesome's ghost (novice FoFi)
  6543 | D:7      | Killed Gruesome's ghost
  6868 | D:8      | Noticed a queen bee
  7222 | D:8      | Reached XP level 10. HP: 49/49 MP: 19/21
  7233 | D:8      | Noticed a dagger
  7234 | D:8      | Noticed a dagger
  7241 | D:8      | Found a hide-covered altar of Uskayaw.
  7353 | D:8      | Reached skill level 5 in Translocations
  7474 | D:8      | Killed from afar by a centaur

Vault maps used:
D:1:      nicolae_arrival_washed_ashore
D:2:      old_standard_altar, amethyst_killhole, uniq_jessica
D:3:      cheibrodos_ashenzari_chains, nicolae_overflow_crystal_walls
D:4:      kennysheep_slug_shrine, first_bread
D:5:      old_standard_altar, minmay_temple_entry_crystal_x, minivault_26
D:6:      lightli_temple_of_fire, serial_bayou_pond_e, mrwooster_statue_mirror,
          kennysheep_generic_room_16
D:7:      lemuel_crystal_altar, nicolae_dithmenos_the_darkroom
D:8:      dancing_weapons_uskayaw, david_nohive_1, bloody_makhleb,
          uniq_gastronok
Temple:   triangle_lava_temple_12

Skill      XL: |  1  2  3  4  5  6  7  8  9 10 |
---------------+-------------------------------+-----
Spellcasting   | 3 4 5 6 7 |  7.0
Hexes          | 4 5 6 8 9 |  9.7
Stealth        | 5 6 7 9 |  9.1
Dodging        | 4 5 6 7 |  7.9
Short Blades   | 2 3 4 5 |  5.8
Fighting       | 1 2 3 4 |  4.1
Translocations | 2 4 5 |  5.1
Conjurations   | 1 2 |  2.4

Action                   |  1- 3 |  4- 6 |  7- 9 | 10-12 || total
-------------------------+-------+-------+-------+-------++-------
Melee: Dagger            |    81 |   168 |   353 |    29 ||   631
 Cast: Corona            |     1 |       |       |       ||     1
       Ensorcelled Hiber |    13 |    14 |    18 |       ||    45
       Confuse           |     2 |    15 |    60 |    10 ||    87
       Tukima's Dance    |       |       |     1 |       ||     1
Evoke: Wand              |       |       |     4 |       ||     4
  Use: Potion            |       |     1 |       |       ||     1
 Stab: Sleeping          |    24 |    19 |    16 |     2 ||    61
       Confused          |     1 |     8 |    39 |     6 ||    54
       Distracted        |       |       |     2 |       ||     2
  Eat: Bread ration      |       |     1 |     1 |       ||     2
       Fruit             |       |       |     1 |       ||     1
Armor: Robe              |    13 |    21 |    27 |     3 ||    64
Dodge: Dodged            |    50 |   106 |   241 |    20 ||   417
